 Dungeon Sprint DCSS version 0.26-a0-663-g36e8fdb655 (webtiles) character file.

Game seed: 535674667137905050

57 olmar the Digger (level 3, 0/31 HPs)
             Began as a Troll Earth Elementalist on Oct 12, 2020.
             Killed from afar by an oklob sapling (17 damage)
             ... with a splash of acid
             ... in the Dungeon (Sprint IV: "Fedhas' Mad Dash").
             The game lasted 00:00:31 (103 turns).

olmar the Digger (Troll Earth Elementalist)          Turns: 103, Time: 00:00:33

Health: 0/31       AC:  2    Str: 16    XL:     3   Next: 73%
Magic:  4/5        EV: 10    Int: 12    God:
Gold:   45         SH:  0    Dex: 10    Spells: 5/6 levels left

rFire    . . .     SeeInvis .     - Unarmed
rCold    . . .     Faith    .   (no shield)
rNeg     . . .     Spirit   .   c - +0 robe
rPois    .         Reflect  .   (helmet restricted)
rElec    .         Harm     .   (no cloak)
rCorr    .         Rampage  .   (gloves unavailable)
MR       .....     NoTele   +   (boots unavailable)
Stlth    +.........             a - amulet of invisibility {+Inv}
HPRegen  0.50/turn              (no ring)
MPRegen  0.09/turn              (no ring)

@: corroded, very slightly contaminated, invisible
A: large, unfitting armour, claws 3, regeneration 1, shaggy fur 1, tough skin 3
a: no special abilities


You were in the Dungeon.
You visited 1 branch You collected 45 gold pieces.

Inventory:

Missiles
 b - 64 stones (quivered)
Armour
 c - a +0 robe (worn)
Jewellery
 a - the amulet of invisibility (around neck) {+Inv}
   (You found it in the Dungeon)

   [amulet of nothing]

   It lets you turn invisible.
Scrolls
 i - a scroll of blinking
Potions
 d - 2 potions of curing
 e - a potion of heal wounds
 f - a potion of haste
 g - 2 potions of magic


   Skills:
 - Level 0.1 Fighting
 - Level 1.5 Dodging
 - Level 1.0 Stealth
 - Level 1.6 Unarmed Combat
 + Level 2.4 Spellcasting
   Level 0.6 Transmutations
 + Level 6.2 Earth Magic


You had 5 spell levels left.
You knew the following spells:

 Your Spells              Type           Power        Failure   Level
a - Sandblast             Erth           ###...       1%          1

Your spell library contained the following spells:

 Spells                   Type           Power        Failure   Level
 Passwall                 Tmut/Erth      #.......     10%         2
 Stone Arrow              Conj/Erth      #.....       22%         3
 Lee's Rapid Deconstruct  Erth           ###.......   50%         5
 Petrify                  Tmut/Erth      #.......     54%         4


Dungeon Overview and Level Annotations

Branches:
Dungeon (1/1)

Altars:

Annotations:
D exclusion: oklob sapling


Innate Abilities, Weirdness & Mutations

You are too large for most types of armour.
You have claws for hands.
Your natural rate of healing is unusually fast.
You are covered in fur. (AC +1)
You have extremely tough skin. (AC +3)


Message History

The splash of acid hits you. The acid corrodes you!
You are splashed with acid!
You catch the helpless oklob sapling completely off-guard!
You scratch the oklob sapling but do no damage.
You scratch the oklob sapling but do no damage.
Unknown command.
You catch the helpless oklob sapling completely off-guard!
You scratch the oklob sapling but do no damage.
You strike the helpless oklob sapling from behind!
You scratch the oklob sapling.
The oklob sapling is heavily damaged.
You scratch the oklob sapling but do no damage.
The oklob sapling is moderately damaged.
Unknown command.
You catch the helpless oklob sapling completely off-guard!
You scratch the oklob sapling but do no damage.
The oklob sapling is moderately damaged.
The oklob sapling spits acid at you. The splash of acid hits you!
Ouch! That really hurt!
You die...

##################
#<..P#.....#.....#
#PP..†.....'.#...+
#PPPP#.....#.#...#
###############'##
+..@# #$P$# #####


You could see an oklob sapling.

Vanquished Creatures
  An oklob sapling (D)
  A worker ant (D)
  A river rat (D)
  A rat (D)
4 creatures vanquished.

Notes
Turn   | Place    | Note
-------+----------+-------------------------------------------
     0 | D        | olmar the Troll Earth Elementalist began the quest for the
                  | Orb.
     0 | D        | Reached XP level 1. HP: 16/16 MP: 1/1
    14 | D        | Reached skill level 3 in Earth Magic
    17 | D        | Reached skill level 4 in Earth Magic
    17 | D        | Reached XP level 2. HP: 15/24 MP: 1/3
    45 | D        | Noticed an oklob sapling
    46 | D        | Killed an oklob sapling
    46 | D        | Reached skill level 1 in Unarmed Combat
    46 | D        | Reached skill level 5 in Earth Magic
    46 | D        | Reached XP level 3. HP: 31/31 MP: 3/5
    50 | D        | Reached skill level 6 in Earth Magic
    53 | D        | Found the amulet of invisibility {+Inv}
    94 | D        | Noticed an oklob sapling
   103 | D        | Killed from afar by an oklob sapling

Illustrated notes

Levels and vault maps discovered:
D:        dungeon_sprint_fedhas [sprint_temple]

Skill      XL: |  1  2  3 |
---------------+----------+-----
Earth Magic    | 4 5 6 |  6.2
Unarmed Combat | 1 |  1.6
Spellcasting   | 2 |  2.4
Fighting       | |  0.1
Dodging        | |  1.5
Stealth        | |  1.0
Transmutations | |  0.6

Action                   || total
-------------------------++-------
Melee: Unarmed           ||    22
 Abil: Evoke Invisibilit ||     1
  Use: Potion            ||     1
 Stab: Invisible         ||     4
Armor: Robe              ||     2
Dodge: Dodged            ||     4

Table legend: (Time is in decaauts)
 A = Elapsed time spent in this place.
 B = Non-inter-level travel time spent in this place.
 C = Inter-level travel time spent in this place.
 D = Time resting spent in this place.
 E = Time spent auto-exploring this place.
 F = Levels seen in this place.
 G = Mean time per level.
                   A        B        C        D        E       F      G
               +--------+--------+--------+--------+--------+-----+--------+
         Total |    111 |    111 |      0 |     39 |      0 |   1 |  111.0 |
       Dungeon |    111 |    111 |      0 |     39 |      0 |   1 |  111.0 |
               +--------+--------+--------+--------+--------+-----+--------+

Top non-repeatable levels by time:
       D: 111 daAuts
